| TOP OF THE 1ST |
|
Augusta GreenJackets batting - Pitching for West Virginia Power : RHP Andres Guillen
|
|
Pitching: RHP Andres Guillen
|
|
|
Batting: SHB Zack Barton
|
0-0: Foul Ball, location: 2F 0-1: Ground out 1-3 (Groundball, 15, EV 70.6 MPH)
|
|
Batting: RHB Armando Ramirez
|
0-0: SINGLE (Groundball, 25, EV 63.8 MPH) (infield hit)
|
|
Batting: RHB Frank Pena
|
0-0: Called Strike 0-1: Fly out, F9 (Flyball, 9LM, EV 90.6 MPH)
|
|
Batting: LHB Sam Ogg
|
0-0: Called Strike Armando Ramirez steals 2nd, throwing error, E2 Armando Ramirez to third 0-1: Foul Ball, location: 2F 0-2: Foul Ball, location: 2F 0-2: Ball 1-2: Strikes out swinging
|
| Top of the 1st over - 0 runs, 1 hit, 1 error, 1 left on base; Augusta 0 - West Virginia 0 |
| BOTTOM OF THE 1ST |
|
West Virginia Power batting - Pitching for Augusta GreenJackets : RHP Bill Tindall
|
|
Pitching: RHP Bill Tindall
|
|
|
Batting: RHB John Savard
|
0-0: Ball 1-0: Swinging Strike 1-1: Ground out 6-3 (Groundball, 56, EV 104.4 MPH)
|
|
Batting: SHB Yutaro Takahashi
|
0-0: Ball 1-0: Bunt missed! 1-1: Ball 2-1: Foul Ball, location: 2F 2-2: Foul Ball, location: 2F 2-2: Strikes out swinging
|
|
Batting: RHB Hidesuke Yoshida
|
0-0: Called Strike 0-1: Called Strike 0-2: Ball 1-2: Foul Ball, location: 2F 1-2: Strikes out swinging
|
| Bottom of the 1st over - 0 runs, 0 hits, 0 errors, 0 left on base; Augusta 0 - West Virginia 0 |
| TOP OF THE 2ND |
|
Augusta GreenJackets batting - Pitching for West Virginia Power : RHP Andres Guillen
|
|
Batting: LHB Bruce Arvizu
|
0-0: Foul Ball, location: 2F 0-1: Ground out 4-3 (Groundball, 4, EV 108.1 MPH)
|
|
Batting: RHB Jonathan Davis
|
0-0: Ball 1-0: Ball 2-0: Fly out, F8 (Flyball, 8RXD, EV 98.8 MPH)
|
|
Batting: RHB Aaron Burress
|
0-0: Called Strike 0-1: Ball 1-1: Ball 2-1: Ball 3-1: Called Strike 3-2: Ground out 5-3 (Groundball, 5S, EV 86.9 MPH)
|
| Top of the 2nd over - 0 runs, 0 hits, 0 errors, 0 left on base; Augusta 0 - West Virginia 0 |
| BOTTOM OF THE 2ND |
|
West Virginia Power batting - Pitching for Augusta GreenJackets : RHP Bill Tindall
|
|
Batting: LHB Dustin Herman
|
0-0: Ball 1-0: Foul Ball, location: 2F 1-1: Ball 2-1: Foul Ball, location: 2F 2-2: Fly out, F7 (Flyball, 7S, EV 85.6 MPH)
|
|
Batting: RHB Rusty Trader
|
0-0: Fly out, F8 (Flyball, 8LM, EV 90.0 MPH)
|
|
Batting: SHB Rob Haney
|
0-0: Called Strike 0-1: Called Strike 0-2: Ball 1-2: Ground out 2-3 (Groundball, 13S, EV 65.6 MPH)
|
| Bottom of the 2nd over - 0 runs, 0 hits, 0 errors, 0 left on base; Augusta 0 - West Virginia 0 |
| TOP OF THE 3RD |
|
Augusta GreenJackets batting - Pitching for West Virginia Power : RHP Andres Guillen
|
|
Batting: RHB Allen Gravel
|
0-0: Called Strike 0-1: Swinging Strike 0-2: Ball 1-2: Strikes out swinging
|
|
Batting: LHB Gil Caraveo
|
0-0: Ground out 6-3 (Groundball, 6, EV 90.0 MPH)
|
|
Batting: SHB Zack Barton
|
0-0: Foul Ball, location: 2F 0-1: Fly out, F3 (Line Drive, 34, EV 66.9 MPH)
|
| Top of the 3rd over - 0 runs, 0 hits, 0 errors, 0 left on base; Augusta 0 - West Virginia 0 |
| BOTTOM OF THE 3RD |
|
West Virginia Power batting - Pitching for Augusta GreenJackets : RHP Bill Tindall
|
|
Batting: RHB Jaime Dubicki
|
0-0: Called Strike 0-1: Ball 1-1: Ball 2-1: Ground out 2-3 (Groundball, 2L, EV 71.9 MPH)
|
|
Batting: SHB Don Hauk
|
0-0: Ball 1-0: Ball 2-0: Called Strike 2-1: Ground out 4-3 (Groundball, 34, EV 83.8 MPH)
|
|
Batting: RHB Herbert Loveless
|
0-0: Foul Ball, location: 2F 0-1: Foul Ball, location: 2F 0-2: Strikes out swinging
|
| Bottom of the 3rd over - 0 runs, 0 hits, 0 errors, 0 left on base; Augusta 0 - West Virginia 0 |
| TOP OF THE 4TH |
|
Augusta GreenJackets batting - Pitching for West Virginia Power : RHP Andres Guillen
|
|
Batting: RHB Armando Ramirez
|
0-0: Ball 1-0: Ball 2-0: Ball 3-0: Base on Balls
|
|
Batting: RHB Frank Pena
|
0-0: Swinging Strike 0-1: Ball 1-1: Ball 2-1: Ball 3-1: Base on Balls Armando Ramirez to second
|
|
Batting: LHB Sam Ogg
|
0-0: Ball 1-0: Grounds into double play, 5-4-3 (Groundball, 56, EV 88.1 MPH) Armando Ramirez to third
|
|
Batting: LHB Bruce Arvizu
|
0-0: Called Strike 0-1: Fly out, F8 (Flyball, 8RD, EV 83.1 MPH)
|
| Top of the 4th over - 0 runs, 0 hits, 0 errors, 1 left on base; Augusta 0 - West Virginia 0 |
| BOTTOM OF THE 4TH |
|
West Virginia Power batting - Pitching for Augusta GreenJackets : RHP Bill Tindall
|
|
Batting: RHB John Savard
|
0-0: Ball 1-0: SINGLE (Line Drive, 6D, EV 99.4 MPH)
|
|
Batting: SHB Yutaro Takahashi
|
0-0: Called Strike John Savard is caught stealing 2nd base 2-6 0-1: Reached on error, E4 (Groundball, 4, EV 85.6 MPH)
|
|
Batting: RHB Hidesuke Yoshida
|
0-0: Ball 1-0: SINGLE (Groundball, 25, EV 67.5 MPH) (infield hit) Yutaro Takahashi to second
|
|
Batting: LHB Dustin Herman
|
0-0: Called Strike 0-1: Ball 1-1: SINGLE (Line Drive, 7S, EV 105.6 MPH) Yutaro Takahashi to third Hidesuke Yoshida to second
|
|
Batting: RHB Rusty Trader
|
0-0: Foul Ball, location: 2F 0-1: Ball 1-1: Called Strike 1-2: Ball 2-2: Ball 3-2: Strikes out swinging
|
|
Batting: SHB Rob Haney
|
0-0: Called Strike 0-1: SINGLE (Groundball, 6D, EV 103.8 MPH) Yutaro Takahashi scores Hidesuke Yoshida to third Dustin Herman to second Runner from 3rd tries for Home, SAFE, throw by LF to home
|
|
Batting: RHB Jaime Dubicki
|
0-0: Called Strike 0-1: Called Strike 0-2: Hit by Pitch Dustin Herman to third Rob Haney to second
|
|
Batting: SHB Don Hauk
|
0-0: Foul Ball, location: 2F 0-1: Swinging Strike 0-2: Ball 1-2: Fielders Choice at 2nd, 5-4 (Groundball, 56, EV 88.8 MPH)
|
| Bottom of the 4th over - 2 runs, 4 hits, 1 error, 3 left on base; Augusta 0 - West Virginia 2 |
| TOP OF THE 5TH |
|
Augusta GreenJackets batting - Pitching for West Virginia Power : RHP Andres Guillen
|
|
Batting: RHB Jonathan Davis
|
0-0: Called Strike 0-1: Called Strike 0-2: Foul Ball, location: 2F 0-2: Ball 1-2: Ball 2-2: Foul Ball, location: 2F 2-2: Foul Ball, location: 2F 2-2: Fly out, F7 (Flyball, 78S, EV 89.4 MPH)
|
|
Batting: RHB Aaron Burress
|
0-0: Ball 1-0: Called Strike 1-1: Ball 2-1: Swinging Strike 2-2: Ball 3-2: Foul Ball, location: 2F 3-2: Base on Balls
|
|
Batting: RHB Allen Gravel
|
0-0: Called Strike 0-1: Ball Wild Pitch! Aaron Burress to second 1-1: Called Strike 1-2: Foul Ball, location: 2F 1-2: SINGLE (Groundball, 3D, EV 96.2 MPH) Aaron Burress to third Runner from 3rd tries for Home, SAFE, throw by RF to home
|
|
Batting: LHB Gil Caraveo
|
0-0: Fielders Choice at 2nd, 4-6 (Groundball, 34, EV 88.8 MPH)
|
|
Batting: SHB Zack Barton
|
0-0: Called Strike 0-1: Ball 1-1: Called Strike Gil Caraveo is caught stealing 2nd base 2-6
|
| Top of the 5th over - 1 run, 1 hit, 0 errors, 0 left on base; Augusta 1 - West Virginia 2 |
| BOTTOM OF THE 5TH |
|
West Virginia Power batting - Pitching for Augusta GreenJackets : RHP Bill Tindall
|
|
Batting: RHB Herbert Loveless
|
0-0: Foul Ball, location: 2F 0-1: Ball 1-1: Ball 2-1: Ball 3-1: Called Strike 3-2: Base on Balls
|
|
Batting: RHB John Savard
|
0-0: Ground out 5-3 (Groundball, 5, EV 81.2 MPH) Herbert Loveless to second
|
|
Batting: SHB Yutaro Takahashi
|
0-0: Called Strike 0-1: Ground out 3-1 (Groundball, 34S, EV 81.9 MPH) Herbert Loveless to third
|
|
Batting: RHB Hidesuke Yoshida
|
0-0: Ball 1-0: Ball 2-0: Fly out, F7 (Flyball, 7LSF, EV 73.1 MPH)
|
| Bottom of the 5th over - 0 runs, 0 hits, 0 errors, 1 left on base; Augusta 1 - West Virginia 2 |
| TOP OF THE 6TH |
|
Augusta GreenJackets batting - Pitching for West Virginia Power : RHP Andres Guillen
|
|
Batting: SHB Zack Barton
|
0-0: Ball 1-0: Foul Ball, location: 2F 1-1: Ball 2-1: Ball 3-1: SINGLE (Groundball, 6MS, EV 64.4 MPH) (infield hit)
|
|
Batting: RHB Armando Ramirez
|
0-0: Foul Ball, location: 2F 0-1: SINGLE (Groundball, 56S, EV 70.0 MPH) (infield hit) Zack Barton to second
|
|
Batting: RHB Frank Pena
|
0-0: Called Strike 0-1: Called Strike 0-2: Foul Ball, location: 2F 0-2: Ball 1-2: Foul Ball, location: 2F 1-2: Foul Ball, location: 2F 1-2: Ball 2-2: Strikes out looking
|
|
Batting: LHB Sam Ogg
|
0-0: Ball Zack Barton steals 3rd base (no throw) Armando Ramirez to second 1-0: Ball 2-0: Called Strike 2-1: Ground out 6-3 (Groundball, 4MS, EV 65.0 MPH)
|
|
Batting: LHB Bruce Arvizu
|
0-0: Foul Ball, location: 2F 0-1: Foul Ball, location: 2F 0-2: Foul Ball, location: 2F 0-2: Foul Ball, location: 2F 0-2: Foul Ball, location: 2F 0-2: Ball 1-2: Ground out 6-3 (Groundball, 4M, EV 88.8 MPH)
|
| Top of the 6th over - 0 runs, 2 hits, 0 errors, 2 left on base; Augusta 1 - West Virginia 2 |
| BOTTOM OF THE 6TH |
|
West Virginia Power batting - Pitching for Augusta GreenJackets : RHP Bill Tindall
|
|
Batting: LHB Dustin Herman
|
0-0: Called Strike 0-1: Ball 1-1: Called Strike 1-2: Ball 2-2: Ground out 6-3 (Groundball, 6, EV 86.2 MPH)
|
|
Batting: RHB Rusty Trader
|
0-0: Ball 1-0: DOUBLE (Flyball, 8RXD, EV 106.2 MPH)
|
|
Batting: SHB Rob Haney
|
0-0: Ball 1-0: SINGLE (Groundball, 4MS, EV 70.6 MPH) (infield hit) Rusty Trader to third
|
|
Batting: RHB Jaime Dubicki
|
0-0: Grounds into double play, 6-4-3 (Groundball, 6S, EV 80.0 MPH)
|
| Bottom of the 6th over - 0 runs, 2 hits, 0 errors, 1 left on base; Augusta 1 - West Virginia 2 |
| TOP OF THE 7TH |
|
Augusta GreenJackets batting - Pitching for West Virginia Power : RHP Andres Guillen
|
|
Pitching: RHP Hitoshi Yoshihara
|
|
|
Batting: RHB Jonathan Davis
|
0-0: Ball 1-0: Foul Ball, location: 2F 1-1: Ball 2-1: Ground out 6-3 (Groundball, 56, EV 110.0 MPH)
|
|
Batting: RHB Aaron Burress
|
0-0: Ball 1-0: Ground out 6-3 (Groundball, 6, EV 104.4 MPH)
|
|
Batting: RHB Allen Gravel
|
0-0: Called Strike 0-1: Ball 1-1: Ball 2-1: Ground out 5-3 (Groundball, 56S, EV 65.0 MPH)
|
| Top of the 7th over - 0 runs, 0 hits, 0 errors, 0 left on base; Augusta 1 - West Virginia 2 |
| BOTTOM OF THE 7TH |
|
West Virginia Power batting - Pitching for Augusta GreenJackets : RHP Bill Tindall
|
|
Batting: SHB Don Hauk
|
0-0: Called Strike 0-1: Ball 1-1: Ground out 6-3 (Groundball, 6MD, EV 78.1 MPH)
|
|
Batting: RHB Herbert Loveless
|
0-0: Foul Ball, location: 2F 0-1: Swinging Strike 0-2: Ball 1-2: Ball 2-2: Strikes out swinging
|
|
Batting: RHB John Savard
|
0-0: Foul Ball, location: 2F 0-1: Ball 1-1: Foul Ball, location: 2F 1-2: Ground out U3 (Groundball, 34, EV 103.1 MPH)
|
| Bottom of the 7th over - 0 runs, 0 hits, 0 errors, 0 left on base; Augusta 1 - West Virginia 2 |
| TOP OF THE 8TH |
|
Augusta GreenJackets batting - Pitching for West Virginia Power : RHP Hitoshi Yoshihara
|
|
Now in LF: Joe Bower
|
|
|
Now in RF: Yutaro Takahashi
|
|
|
Batting: LHB Gil Caraveo
|
0-0: SINGLE (Line Drive, 89S, EV 104.4 MPH)
|
|
Batting: SHB Zack Barton
|
0-0: Bunted foul 0-1: Bunt missed! 0-2: Ball 1-2: Fielders Choice at 2nd, 3-6 (Groundball, 3, EV 94.4 MPH)
|
|
Batting: RHB Armando Ramirez
|
0-0: Called Strike 0-1: Called Strike 0-2: Strikes out swinging
|
|
Pinch Hitting: LHB Oscar Tamayo
|
0-0: Called Strike 0-1: Called Strike 0-2: Ball 1-2: Strikes out swinging
|
| Top of the 8th over - 0 runs, 1 hit, 0 errors, 1 left on base; Augusta 1 - West Virginia 2 |
| BOTTOM OF THE 8TH |
|
West Virginia Power batting - Pitching for Augusta GreenJackets : RHP Bill Tindall
|
|
Now at 1B: Jordan Wallace
|
|
|
Batting: SHB Yutaro Takahashi
|
0-0: Called Strike 0-1: Ball 1-1: Swinging Strike 1-2: Strikes out swinging
|
|
Batting: RHB Hidesuke Yoshida
|
0-0: Called Strike 0-1: Ball 1-1: Fly out, F4 (Popup, 4, EV 63.1 MPH)
|
|
Batting: LHB Dustin Herman
|
0-0: Ball 1-0: DOUBLE (Flyball, 8RXD, EV 100.6 MPH)
|
|
Pitching: LHP Bobby Storey
|
|
|
Batting: RHB Rusty Trader
|
0-0: Ball 1-0: Ball 2-0: Ball 3-0: Called Strike 3-1: Base on Balls
|
|
Batting: SHB Rob Haney
|
0-0: Fielders Choice at 2nd, 5-4 (Groundball, 56, EV 103.1 MPH)
|
| Bottom of the 8th over - 0 runs, 1 hit, 0 errors, 2 left on base; Augusta 1 - West Virginia 2 |
| TOP OF THE 9TH |
|
Augusta GreenJackets batting - Pitching for West Virginia Power : RHP Hitoshi Yoshihara
|
|
Pitching: RHP Justin West
|
|
|
Batting: LHB Sam Ogg
|
0-0: Called Strike 0-1: Swinging Strike 0-2: SINGLE (Flyball, 78M, EV 85.6 MPH)
|
|
Batting: LHB Bruce Arvizu
|
0-0: Called Strike 0-1: Ball 1-1: Swinging Strike 1-2: Ball 2-2: Strikes out looking
|
|
Pinch Hitting: LHB Ho-win Zhou
|
0-0: 2-RUN HOME RUN (Flyball, 9D, EV 97.5 MPH), Distance : 366 ft
|
|
Batting: RHB Aaron Burress
|
0-0: Ball 1-0: Called Strike 1-1: Called Strike 1-2: Ball 2-2: Strikes out swinging
|
|
Batting: RHB Allen Gravel
|
0-0: Ball 1-0: SINGLE (Line Drive, 78S, EV 99.4 MPH)
|
|
Batting: LHB Gil Caraveo
|
0-0: Called Strike 0-1: SINGLE (Groundball, 34D, EV 103.8 MPH) Allen Gravel to second Runner from 2nd tries for 3rd, SAFE, throw by RF made to third
|
|
Batting: SHB Zack Barton
|
0-0: Ball 1-0: Called Strike 1-1: Ball 2-1: Ball 3-1: Foul Ball, location: 2F 3-2: Strikes out looking
|
| Top of the 9th over - 2 runs, 4 hits, 0 errors, 2 left on base; Augusta 3 - West Virginia 2 |
| BOTTOM OF THE 9TH |
|
West Virginia Power batting - Pitching for Augusta GreenJackets : LHP Bobby Storey
|
|
Pitching: RHP Ricky Fo
|
|
|
Now at SS: Jake Shelton
|
|
|
Batting: RHB Joe Bower
|
0-0: Called Strike 0-1: Called Strike 0-2: Strikes out looking
|
|
Batting: SHB Don Hauk
|
0-0: Foul Ball, location: 2F 0-1: Swinging Strike 0-2: Strikes out swinging
|
|
Batting: RHB Herbert Loveless
|
0-0: SINGLE (Groundball, 34D, EV 96.9 MPH)
|
|
Batting: RHB John Savard
|
0-0: Foul Ball, location: 2F 0-1: Ball 1-1: Ball 2-1: SINGLE (Groundball, 56D, EV 97.5 MPH) Herbert Loveless to second Runner from 2nd tries for 3rd, SAFE, throw by LF made to third
|
|
Batting: SHB Yutaro Takahashi
|
0-0: Foul Ball, location: 2F 0-1: Called Strike John Savard steals 2nd, throwing error, E2 Herbert Loveless scores John Savard to third 0-2: Ball 1-2: Ball 2-2: Strikes out looking
|
| Bottom of the 9th over - 1 run, 2 hits, 1 error, 1 left on base; Augusta 3 - West Virginia 3 |
| TOP OF THE 10TH |
|
Augusta GreenJackets batting - Pitching for West Virginia Power : RHP Justin West
|
|
Pitching: LHP Hyoji Kawabata
|
|
|
Batting: RHB Armando Ramirez
|
0-0: Foul Ball, location: 2F 0-1: Foul Ball, location: 2F 0-2: Ball 1-2: Fly out, F7 (Flyball, 7LS, EV 93.1 MPH)
|
|
Batting: RHB Jordan Wallace
|
0-0: Ball 1-0: Called Strike 1-1: Swinging Strike 1-2: Ground out 5-3 (Groundball, 56, EV 83.8 MPH)
|
|
Batting: RHB Peter Croston
|
0-0: Fly out, F9 (Line Drive, 89M, EV 94.4 MPH)
|
| Top of the 10th over - 0 runs, 0 hits, 0 errors, 0 left on base; Augusta 3 - West Virginia 3 |
| BOTTOM OF THE 10TH |
|
West Virginia Power batting - Pitching for Augusta GreenJackets : RHP Ricky Fo
|
|
Batting: RHB Hidesuke Yoshida
|
0-0: Called Strike 0-1: Ground out 6-3 (Groundball, 6, EV 80.0 MPH)
|
|
Batting: LHB Dustin Herman
|
0-0: Called Strike 0-1: Foul Ball, location: 2F 0-2: Ball 1-2: Ball 2-2: Strikes out swinging
|
|
Batting: RHB Rusty Trader
|
0-0: Ball 1-0: Called Strike 1-1: Ball 2-1: Called Strike 2-2: Foul Ball, location: 2F 2-2: Ball 3-2: Strikes out swinging
|
| Bottom of the 10th over - 0 runs, 0 hits, 0 errors, 0 left on base; Augusta 3 - West Virginia 3 |
| TOP OF THE 11TH |
|
Augusta GreenJackets batting - Pitching for West Virginia Power : LHP Hyoji Kawabata
|
|
Pinch Hitting: RHB Antonio Lara
|
0-0: Foul Ball, location: 2F 0-1: Called Strike 0-2: Ball 1-2: Strikes out looking
|
|
Batting: RHB Jake Shelton
|
0-0: Ball 1-0: Ball 2-0: Foul Ball, location: 2F 2-1: Foul Ball, location: 2F 2-2: Ball 3-2: Strikes out swinging
|
|
Batting: RHB Aaron Burress
|
0-0: Ball 1-0: Swinging Strike 1-1: Foul Ball, location: 2F 1-2: Ground out 5-3 (Groundball, 56, EV 77.5 MPH)
|
| Top of the 11th over - 0 runs, 0 hits, 0 errors, 0 left on base; Augusta 3 - West Virginia 3 |
| BOTTOM OF THE 11TH |
|
West Virginia Power batting - Pitching for Augusta GreenJackets : RHP Ricky Fo
|
|
Pitching: LHP Christian Rogers
|
|
|
Now in LF: Antonio Lara
|
|
|
Pinch Hitting: RHB Gary Ming
|
0-0: Ball 1-0: Foul Ball, location: 2F 1-1: Ball 2-1: Ball 3-1: Foul Ball, location: 2F 3-2: Foul Ball, location: 2F 3-2: Ground out 4-3 (Groundball, 4M, EV 92.5 MPH)
|
|
Batting: RHB Joe Bower
|
0-0: Ball 1-0: Swinging Strike 1-1: Swinging Strike 1-2: Foul Ball, location: 2F 1-2: Strikes out looking
|
|
Batting: SHB Don Hauk
|
0-0: Ball 1-0: Swinging Strike 1-1: Ball 2-1: Ball 3-1: Base on Balls
|
|
Batting: RHB Herbert Loveless
|
0-0: Fly out, F9 (Flyball, 9D, EV 75.6 MPH)
|
| Bottom of the 11th over - 0 runs, 0 hits, 0 errors, 1 left on base; Augusta 3 - West Virginia 3 |
| TOP OF THE 12TH |
|
Augusta GreenJackets batting - Pitching for West Virginia Power : LHP Hyoji Kawabata
|
|
Now at SS: Gary Ming
|
|
|
Batting: RHB Allen Gravel
|
0-0: DOUBLE (Line Drive, 8LXD, EV 102.5 MPH)
|
|
Pinch Hitting: RHB Nate Burkhalter
|
0-0: Intentional Walk
|
|
Batting: SHB Zack Barton
|
0-0: Called Strike 0-1: Foul Ball, location: 2F 0-2: Ball 1-2: Ball 2-2: Strikes out swinging
|
|
Batting: RHB Armando Ramirez
|
0-0: Called Strike 0-1: Ball 1-1: Ball 2-1: Ball 3-1: Fly out, F9 (Flyball, 89S, EV 86.9 MPH)
|
|
Batting: RHB Jordan Wallace
|
0-0: Fly out, F8 (Flyball, 8LD, EV 94.4 MPH)
|
| Top of the 12th over - 0 runs, 1 hit, 0 errors, 2 left on base; Augusta 3 - West Virginia 3 |
| BOTTOM OF THE 12TH |
|
West Virginia Power batting - Pitching for Augusta GreenJackets : LHP Christian Rogers
|
|
Now in RF: Ian Richardson
|
|
|
Batting: RHB John Savard
|
0-0: Ball 1-0: Ball 2-0: Ball 3-0: SINGLE (Line Drive, 78S, EV 104.4 MPH)
|
|
Pitching: RHP Hiroaki Yazawa
|
|
|
Batting: SHB Yutaro Takahashi
|
0-0: Sac Bunt to 25 - play at first, batter OUT! 5-3 John Savard to second
|
|
Batting: RHB Hidesuke Yoshida
|
0-0: Called Strike John Savard steals 3rd base 0-1: Ball 1-1: Ball 2-1: Ball 3-1: Foul Ball, location: 2F 3-2: Strikes out swinging
|
|
Batting: LHB Dustin Herman
|
0-0: Ball 1-0: Foul Ball, location: 2F 1-1: Ball 2-1: Foul Ball, location: 2F 2-2: SINGLE (Groundball, 56D, EV 98.8 MPH) John Savard scores
|
| Bottom of the 12th over - 1 run, 2 hits, 0 errors, 1 left on base; Augusta 3 - West Virginia 4 |
|